Map: [ESL] Gresvan

Players

trigger

  • Race: Protoss Protoss
  • Spawn Location: 11:00

SpeCial - Winner!

  • Race: Terran Terran
  • Spawn Location: 5:00

Event: ESL SC2 Masters 2023 Summer (Regionals)

VOD

Have the link to the VOD?

Description

Time

  • Played on: May 11, 2023, 2:39 p.m.
  • Length: 10:29

All games in this series

Show
View Real Time Build Order
Export as new Build Order

trigger Protoss 

Build Orders: 1 Gate Expand, Blink Stalkers 

Get SALT Encoding   

  12  0:00  Probe  
  13  0:12  Probe  
  14  0:19  Pylon  
  14  0:24  Probe (Chrono Boost)  
  15  0:38  Probe (Chrono Boost), Gateway  
  16  0:45  Probe (Chrono Boost)  
  16  0:46  Assimilator  
  17  0:52  Probe  
  18  1:04  Probe  
  19  1:16  Probe  
  20  1:25  Cybernetics Core  
  20  1:34  Nexus  
  20  1:35  Probe  
  21  1:44  Pylon  
  21  1:49  Probe  
  21  1:52  Assimilator  
  22  1:59  Stalker (Chrono Boost)  
  22  2:03  Probe  
  22  2:07  Warp Gate  
  24  2:15  Probe  
  25  2:22  Stalker  
  27  2:27  Probe (Chrono Boost)  
  29  2:38  Probe (Chrono Boost)  
  29  2:42  Gateway  
  29  2:43  Probe (Chrono Boost)  
  29  2:46  Shield Battery  
  29  2:47  Probe  
  31  2:54  Probe  
  31  2:55  Adept  
  34  2:59  Probe  
  34  3:03  Twilight Council  
  35  3:06  Probe  
  35  3:12  Probe (Chrono Boost)  
  38  3:21  Robotics Facility  
  38  3:23  Probe (Chrono Boost)  
  38  3:24  Probe (Chrono Boost)  
  39  3:30  Probe (Chrono Boost)  
  39  3:32  Probe (Chrono Boost)  
  41  3:39  Pylon  
  41  3:41  Probe  
  42  3:47  Probe  
  42  3:48  Blink (Chrono Boost)  
  43  3:57  Stalker  
  43  3:58  Stalker  
  43  3:59  Probe  
  48  4:03  Probe  
  48  4:09  Observer  
  50  4:15  Probe  
  42  4:24  Nexus  
  42  4:28  Probe x2 (Chrono Boost)  
  42  4:30  Stalker x2  
  46  4:40  Probe (Chrono Boost)  
  46  4:41  Probe (Chrono Boost)  
  46  4:49  Probe x2 (Chrono Boost)  
  48  4:55  Probe (Chrono Boost)  
  48  4:56  Probe (Chrono Boost)  
  48  4:59  Stalker  
  52  5:06  Probe (Chrono Boost)  
  53  5:07  Probe (Chrono Boost)  
  53  5:09  Observer  
  53  5:13  Probe (Chrono Boost)  
  47  5:25  Probe x2 (Chrono Boost), Stalker x2  
  52  5:30  Probe (Chrono Boost)  
  52  5:32  Probe (Chrono Boost)  
  54  5:36  Probe, Assimilator  
  54  5:38  Assimilator  
  54  5:39  Probe  
  56  5:43  Probe  
  56  5:48  Probe  
  56  5:49  Observer (Chrono Boost)  
  58  5:51  Probe  
  58  5:55  Probe (Chrono Boost)  
  58  6:00  Probe (Chrono Boost)  
  60  6:07  Probe (Chrono Boost)  
  59  6:12  Probe (Chrono Boost)  
  59  6:14  Probe (Chrono Boost)  
  59  6:15  Robotics Bay  
  60  6:18  Probe (Chrono Boost)  
  60  6:19  Probe (Chrono Boost)  
  60  6:21  Probe (Chrono Boost)  
  62  6:27  Probe (Chrono Boost)  
  62  6:32  Probe (Chrono Boost)  
  65  6:34  Stalker x2  
  65  6:37  Pylon  
  65  6:38  Probe (Chrono Boost)  
  69  6:40  Pylon  
  69  6:46  Gateway  
  69  6:55  Probe  
  69  6:57  Pylon  
  69  6:58  Stalker x2, Colossus (Chrono Boost)  
  69  6:59  Shield Battery  
  73  7:05  Probe x2  
  73  7:07  Probe  
  80  7:18  Charge (Chrono Boost), Shield Battery  
  80  7:22  Gateway  
  80  7:27  Sentry, Zealot  
  80  7:29  Probe x2  
  86  7:31  Gateway  
  86  7:33  Gateway  
  86  7:38  Colossus (Chrono Boost)  
  92  7:50  Pylon, Extended Thermal Lance  
  89  7:52  Pylon  
  89  7:55  Pylon  
  87  8:08  Probe  
  87  8:10  Zealot x2  
  92  8:15  Pylon  
  88  8:21  Colossus (Chrono Boost)  
  88  8:22  Zealot  
  84  8:32  Zealot x4  
  84  8:34  Zealot  
  82  8:43  Zealot  
  73  8:52  Stalker x4  
  79  9:00  Zealot  
  79  9:09  Colossus (Chrono Boost)  
  74  9:18  Stalker x4  
  78  9:30  Zealot x2  
  82  9:32  Gateway  
  82  9:34  Pylon  
  80  9:42  Zealot x3  
  86  9:47  Pylon  
  86  9:48  Pylon  
  86  9:52  Pylon  
  86  10:05  Zealot, Dark Shrine  
  94  10:08  Zealot x4  
Show
View Real Time Build Order
Export as new Build Order

SpeCial Terran - Winner!

Build Orders:  

Get SALT Encoding   

  12  0:00  SCV  
  13  0:12  SCV  
  14  0:17  Supply Depot  
  14  0:24  SCV  
  15  0:39  SCV  
  15  0:41  Barracks  
  16  0:45  Refinery  
  16  0:51  SCV  
  16  0:53  Refinery  
  17  1:03  SCV  
  18  1:15  SCV  
  19  1:28  Reaper, Orbital Command  
  20  1:36  Supply Depot  
  20  1:42  Factory  
  20  1:53  SCV  
  21  2:03  Barracks Reactor  
  21  2:05  SCV  
  22  2:17  SCV  
  22  2:21  Command Center  
  23  2:30  Starport  
  23  2:31  SCV  
  24  2:43  Supply Depot  
  26  2:44  Widow Mine x2  
  26  2:47  SCV  
  26  2:51  Marine  
  30  2:59  SCV  
  31  3:07  Widow Mine x2  
  31  3:08  Medivac  
  31  3:09  Marine  
  38  3:14  SCV  
  39  3:26  Armory  
  39  3:32  SCV, Marine  
  39  3:34  Orbital Command  
  41  3:41  Widow Mine  
  41  3:42  Widow Mine  
  41  3:45  SCV  
  46  3:53  Supply Depot  
  46  3:54  Orbital Command  
  46  3:56  Medivac  
  46  4:01  Marine  
  49  4:04  SCV  
  49  4:07  Widow Mine x2  
  54  4:16  SCV  
  55  4:21  SCV  
  53  4:28  SCV  
  53  4:32  Viking  
  53  4:34  SCV  
  53  4:37  Bunker  
  56  4:39  Factory Tech Lab, Marine x2  
  56  4:40  SCV  
  55  4:46  SCV  
  55  4:52  SCV  
  57  4:56  Barracks  
  57  4:57  Siege Tank, Marine x2  
  57  4:58  SCV  
  61  5:04  SCV, Starport Tech Lab  
  60  5:11  SCV  
  61  5:15  Supply Depot, Marine  
  62  5:22  Supply Depot  
  62  5:33  Marine x2  
  62  5:34  SCV x2, Raven  
  68  5:38  Supply Depot  
  68  5:40  Refinery  
  68  5:41  Engineering Bay, Siege Tank  
  71  5:46  SCV x2  
  73  5:51  Marine x2  
  75  5:58  SCV x2  
  77  6:04  Refinery  
  77  6:09  Marine x2  
  77  6:10  SCV x2  
  81  6:11  Terran Infantry Weapons Level 1  
  81  6:13  Supply Depot  
  81  6:18  Starport Reactor  
  77  6:21  Barracks  
  77  6:22  SCV x2  
  78  6:27  Marauder, Marine, Stimpack  
  79  6:34  SCV x2  
  81  6:40  Marine, Barracks  
  81  6:42  Factory Reactor, Barracks  
  81  6:45  Marine  
  81  6:46  SCV  
  84  6:49  Marauder  
  83  6:58  Marine  
  84  7:02  Medivac x2  
  84  7:03  Marine  
  84  7:06  Supply Depot  
  89  7:10  Marauder x2  
  93  7:16  Supply Depot, Marine  
  93  7:20  Marine  
  95  7:28  Combat Shield  
  94  7:30  Supply Depot, Barracks Tech Lab, Barracks Reactor  
  94  7:31  Marauder, Widow Mine x2  
  94  7:34  Marine  
  103  7:37  Marauder  
  103  7:38  Supply Depot, Marine  
  103  7:42  Medivac  
  106  7:46  Medivac  
  108  7:52  Marine x2  
  108  7:53  Widow Mine x2  
  108  7:55  Marauder  
  108  7:56  Marine  
  108  7:57  SCV x2  
  108  7:58  Marine  
  116  8:06  Marine x2  
  116  8:10  Marine  
  119  8:14  Widow Mine x2, Marine  
  122  8:20  Marauder, Marine  
  122  8:21  Command Center  
  117  8:28  Marine  
  117  8:31  Marine  
  117  8:32  Marauder, Marine  
  118  8:35  Widow Mine x2  
  118  8:36  Medivac x2  
  118  8:40  Marauder, Marine  
  125  8:45  Marauder, Marine  
  125  8:47  Concussive Shells  
  123  8:49  SCV  
  123  8:52  Marine  
  123  8:53  Marauder  
  127  8:57  Widow Mine  
  127  9:00  SCV  
  127  9:01  SCV  
  127  9:02  Marauder  
  121  9:16  Marine  
  118  9:17  Marauder, Widow Mine  
  118  9:19  Medivac  
  118  9:22  Marine  
  118  9:26  Marauder  
  118  9:28  SCV  
  118  9:31  SCV  
  121  9:35  Marine  
  121  9:36  Marauder  
  124  9:40  Marauder  
  126  9:46  Orbital Command  
  126  9:47  Marauder  
  128  9:52  Marine  
  128  9:57  Marauder  
  128  9:59  Marine  
  130  10:01  Marauder  
  130  10:03  Widow Mine x2  
  130  10:06  Marine  
  130  10:07  Marine  
  134  10:10  Marine  
  136  10:20  Supply Depot  
Tags
 
Add a new tag
Caveats
  • Supply blocks, unpowered buildings, or Contaminate may cause inaccurate times.
  • Supply counts are checked every 10 seconds.